Map: Lerilak Crest

Players

TOP

  • Race: Terran Terran

Geiko - Winner!

  • Race: Protoss Protoss

VOD

Have the link to the VOD?

Description

Time

  • Played on: May 14, 2015, 7:23 a.m.
  • Length: 9:48
Show
View Real Time Build Order
Export as new Build Order

TOP Terran 

Build Orders: Reaper Expand 

Get SALT Encoding   

  12  0:01  SCV  
  13  0:13  SCV  
  14  0:17  Supply Depot  
  14  0:25  SCV  
  15  0:39  SCV  
  16  0:43  Barracks  
  16  0:47  Refinery  
  16  0:51  SCV  
  17  1:03  SCV  
  18  1:15  SCV  
  19  1:31  Reaper, Orbital Command  
  20  1:45  Command Center  
  20  1:57  SCV  
  20  2:00  Supply Depot  
  21  2:09  SCV  
  21  2:10  Marine  
  21  2:13  Factory  
  23  2:18  Refinery  
  23  2:21  SCV  
  24  2:30  Marine  
  24  2:36  SCV  
  25  2:48  SCV, Marine  
  26  2:56  Widow Mine  
  26  2:58  Starport  
  28  3:00  SCV  
  29  3:06  Marine  
  30  3:13  SCV  
  31  3:24  Marine  
  31  3:26  SCV  
  31  3:30  Supply Depot  
  31  3:42  SCV  
  31  3:43  Marine  
  31  3:47  Medivac  
  31  3:51  Widow Mine  
  31  3:54  SCV  
  31  3:55  Command Center  
  33  4:01  Marine  
  34  4:03  Bunker  
  34  4:06  SCV  
  35  4:19  Widow Mine  
  36  4:24  Marine  
  36  4:27  SCV  
  35  4:33  Viking  
  36  4:42  Marine  
  35  5:00  Marine  
  23  5:19  Widow Mine  
  23  5:20  Orbital Command, Marine  
  19  5:38  Marine  
  20  5:54  Orbital Command  
  20  6:18  Widow Mine  
  20  6:20  SCV  
  23  6:38  SCV  
  22  6:46  Starport Tech Lab  
  20  6:50  SCV  
  20  6:52  Supply Depot  
  19  7:20  Banshee  
  22  7:32  Widow Mine  
  24  7:47  SCV  
  23  7:59  SCV  
  24  8:12  SCV  
  24  8:26  Banshee  
  27  8:31  SCV  
  28  8:40  Widow Mine  
  28  8:53  SCV  
  18  9:26  Hellion  
Show
View Real Time Build Order
Export as new Build Order

Geiko Protoss - Winner!

Build Orders: 4 Gate Adept, Mass Adepts 

Get SALT Encoding   

  12  0:01  Probe  
  13  0:13  Pylon  
  13  0:17  Probe  
  14  0:32  Gateway  
  14  0:33  Probe (Chrono Boost)  
  15  0:40  Assimilator  
  15  0:45  Probe (Chrono Boost)  
  16  0:51  Probe (Chrono Boost)  
  17  1:03  Probe, Gateway  
  18  1:15  Probe  
  19  1:19  Cybernetics Core  
  19  1:21  Assimilator  
  19  1:27  Probe  
  19  1:31  Pylon  
  20  1:39  Probe  
  21  1:51  Probe  
  22  1:55  Warp Gate (Chrono Boost)  
  22  1:56  Adept x2  
  26  2:03  Probe  
  27  2:13  Robotics Facility  
  27  2:23  Twilight Council  
  27  2:37  Gateway  
  27  2:43  Gateway  
  27  3:08  Pylon  
  27  3:09  Warp Prism (Chrono Boost)  
  29  3:19  Pylon  
  29  3:40  Adept x3  
  36  3:41  Observer (Chrono Boost)  
  36  3:42  Adept  
  38  3:50  Shield Upgrade (Chrono Boost)  
  38  4:06  Adept x3  
  38  4:07  Adept  
  46  4:13  Pylon  
  46  4:36  Adept x2  
  46  4:37  Adept  
  52  4:56  Stalker  
  46  5:06  Probe  
  41  5:19  Stalker x2  
  33  5:32  Observer  
  26  6:00  Adept x4  
  34  6:32  Probe  
  35  6:44  Probe  
  36  6:56  Probe  
  37  7:05  Stalker  
  39  7:11  Probe  
  40  7:23  Probe  
  41  7:39  Stalker x2  
  39  7:52  Probe  
  40  8:04  Probe  
  36  8:19  Stalker  
  38  8:27  Stalker  
  34  9:15  Stalker x3  
Tags
 
Build Order
4 Gate Adept
Composition
Mass Adepts
Matchup
PvT
Player
TOP
Add a new tag
Caveats
  • Supply blocks, unpowered buildings, or Contaminate may cause inaccurate times.
  • Supply counts are checked every 10 seconds.